 Dungeon Crawl Stone Soup version 0.20-a0-672-gd6c3c51 (webtiles) character file.

1003 Laphicet the Magician (level 8, -1/46 HPs)
             Began as a Deep Elf Wizard on Feb 17, 2017.
             Was an Initiate of Vehumet.
             Slain by Menkaure (15 damage)
             ... on level 5 of the Dungeon.
             The game lasted 00:22:36 (7738 turns).

Laphicet the Magician (Deep Elf Wizard)             Turns: 7738, Time: 00:22:36

Health: -1/46      AC:  3    Str:  6    XL:     8   Next: 0%
Magic:  15/20      EV: 14    Int: 24    God:    Vehumet [......]
Gold:   209        SH:  0    Dex: 13    Spells: 11/21 levels left

rFire    . . .     SeeInvis .   r - +1 dagger (flame)
rCold    + . .     Gourm    .   o - +0 robe {rC+}
rNeg     + . .     Faith    .   (no shield)
rPois    .         Spirit   .   b - +0 hat
rElec    .         Reflect  .   (no cloak)
rCorr    .         Harm     .   e - +0 pair of gloves
MR       .....                  (no boots)
Stlth    +++.......             (no amulet)
Regen    0.2/turn               (no ring)
MPRegen  0.2/turn               p - ring of positive energy

@: no status effects
A: no striking features
a: Renounce Religion


You were on level 5 of the Dungeon.
You worshipped Vehumet.
Vehumet was noncommittal.
You were not hungry.

You visited 2 branches of the dungeon, and saw 6 of its levels.

You collected 209 gold pieces.

Inventory:

Hand Weapons
 j - a +1 short sword of venom
 r - a +1 dagger of flaming (weapon)
 s - a +0 rapier
Armour
 b - a +0 hat (worn)
 e - a +0 pair of gloves (worn)
 o - a +0 robe of cold resistance (worn)
Jewellery
 f - an uncursed amulet of faith
 n - an uncursed ring of fire
 p - a ring of positive energy (left hand)
Scrolls
 g - a scroll of random uselessness {unknown}
 i - 3 scrolls of teleportation
 k - 2 scrolls of enchant armour
 l - a scroll of recharging {unknown}
 m - 2 scrolls of remove curse
 q - a scroll of fear
 t - a scroll of fog {unknown}
 v - a scroll of blinking {unknown}
 w - a scroll of immolation {unknown}
Potions
 h - a potion of curing {unknown}
 u - a potion of mutation {unknown}
Books
 c - a book of Minor Magic

   Spells                             Type                      Level
   a - Magic Dart                     Conjuration                  1
   b - Blink                          Translocation                2
   c - Call Imp                       Summoning                    2
   d - Slow                           Hexes                        2
   e - Conjure Flame                  Conjuration/Fire             3
   f - Mephitic Cloud                 Conjuration/Poison/Air       3
Comestibles
 d - 4 bread rations
 x - a meat ration


   Skills:
 + Level 3.0 Fighting
 + Level 5.2 Dodging
 + Level 6.0 Stealth
 + Level 7.3 Spellcasting
 - Level 2.9 Conjurations
 + Level 3.3 Summonings
 - Level 1.1 Translocations


You had 11 spell levels left.
You knew the following spells:

 Your Spells              Type           Power        Failure   Level  Hunger
a - Magic Dart            Conj           ###.         1%          1    None
b - Blink                 Tloc           N/A          10%         2    None
c - Call Imp              Summ           ###.....     2%          2    None
m - Mephitic Cloud        Conj/Pois/Air  ##......     17%         3    None
o - Slow                  Hex            #.......     12%         2    None


Dungeon Overview and Level Annotations

Branches:
Dungeon (5/15)             Temple (1/1) D:5

Altars:
Ashenzari
Cheibriados
Dithmenos
Elyvilon
Fedhas
Gozag
Hepliaklqana
Makhleb
Nemelex Xobeh
Qazlal
Ru
Sif Muna
Vehumet
Xom
Zin
The Shining One

Annotations:
D:5 Menkaure


Message History

Your crimson imp blinks!
Menkaure hits you.
You are too injured to fight recklessly!
You are too injured to fight recklessly!
You hit Menkaure. You burn Menkaure.
Menkaure is severely damaged.
Your white imp hits Menkaure but does no damage.
Your crimson imp hits Menkaure but does no damage.
Your crimson imp blinks!
Menkaure calls on the powers of darkness!
Your body is wracked with pain!
You barely miss Menkaure.
Menkaure is severely damaged.
Your white imp hits Menkaure.
Your white imp freezes Menkaure.
Menkaure resists.
Your crimson imp barely misses Menkaure.
You hit Menkaure but do no damage.
Menkaure is almost destroyed.
Menkaure hits you!
You die...

###########.##.....##
#..........[#.......##
#..............._.....
#########.....>....##.......#.
#.......'..........'##5....##.
#.....###..........#.##...###.
#.....# #..........#.###.##...
#.....###.....5....#..##.....#
#............@M.........'.5..o
##...........5...<..#.###....#
#....##[.......5...#.# ####.#
#....##............#.## #...#
#....##†########...#..# #.#..
#....##.# #....##.###.#..
#....##.# ##....##..##.)..
#######.# #.....###.#...5#
######.....# ##.#...# #.#....#


You could see Menkaure, 2 friendly crimson imps and a friendly white imp.

Vanquished Creatures
  A hippogriff (D:5)
  Sigmund (D:5)
  A sky beast (D:5)
  An ogre (D:5)
  4 orc wizards
  2 orc priests (D:4)
  A bullfrog skeleton (D:3)
  A worker ant (D:5)
  7 adders
  A river rat (D:5)
  3 oozes
  4 leopard geckos
  9 orcs
  A ball python (D:3)
  2 giant cockroaches
  6 goblins
  3 hobgoblins
  10 jackals
  7 kobolds
  2 quokkas (D:5)
  9 bats
  3 frilled lizards
  A leopard gecko zombie (D:5)
  A quokka skeleton (D:4)
  6 rats
87 creatures vanquished.

Vanquished Creatures (collateral kills)
  A water moccasin skeleton (D:5)
  A scorpion (D:4)
  A howler monkey (D:3)
  A crimson imp (D:5)
  A hound (D:2)
  A jelly (D:5)
  An orc wizard (D:5)
  An iguana (D:4)
  A worm (D:2)
  2 orcs
  3 jackals (D:3)
14 creatures vanquished.

Vanquished Creatures (others)
  A fungus (D:4)
1 creature vanquished.

Grand Total: 102 creatures vanquished

Notes
Turn   | Place    | Note
-------+----------+-------------------------------------------
     0 | D:1      | Laphicet the Deep Elf Wizard began the quest for the Orb.
     0 | D:1      | Reached XP level 1. HP: 10/10 MP: 7/7
   370 | D:1      | Reached XP level 2. HP: 15/15 MP: 7/9
   651 | D:1      | Learned a level 2 spell: Blink
   654 | D:1      | Learned a level 2 spell: Call Imp
   657 | D:1      | Learned a level 2 spell: Slow
   669 | D:1      | Reached skill level 5 in Spellcasting
   853 | D:1      | Reached XP level 3. HP: 19/20 MP: 0/11
  1105 | D:2      | Reached skill level 1 in Fighting
  1144 | D:2      | Found a snail-covered altar of Cheibriados.
  1169 | D:2      | Found a faded altar of an unknown god.
  1394 | D:2      | Learned a level 3 spell: Mephitic Cloud
  1557 | D:2      | Found a burning altar of Makhleb.
  1884 | D:3      | Reached XP level 4. HP: 21/25 MP: 1/13
  2375 | D:3      | Reached XP level 5. HP: 23/30 MP: 6/14
  3420 | D:4      | Found a shattered altar of Ashenzari.
  3982 | D:4      | Noticed a phantom
  4633 | D:3      | Reached XP level 6. HP: 33/35 MP: 8/16
  5417 | D:5      | Entered Level 5 of the Dungeon
  5425 | D:5      | Found a white marble altar of Elyvilon.
  5483 | D:5      | Noticed Sigmund
  5492 | D:5      | Killed Sigmund
  5492 | D:5      | Reached skill level 6 in Spellcasting
  5592 | D:5      | Found a glowing golden altar of the Shining One.
  5597 | D:5      | Noticed a hippogriff
  5653 | D:5      | Killed a hippogriff
  5653 | D:5      | Reached skill level 5 in Stealth
  5653 | D:5      | Reached XP level 7. HP: 20/40 MP: 12/18
  6571 | D:4      | Reached skill level 5 in Dodging
  6906 | D:5      | Reached skill level 7 in Spellcasting
  6924 | D:5      | Found a staircase to the Ecumenical Temple.
  6950 | Temple   | Entered the Ecumenical Temple
  7316 | Temple   | Became a worshipper of Vehumet
  7547 | D:5      | Noticed Menkaure
  7692 | D:5      | Reached XP level 8. HP: 43/46 MP: 15/20
  7738 | D:5      | Slain by Menkaure

Vault maps used:
D:1:      sevenhm_arrival_forest_fort_small_4
D:2:      makhleb_blood_cavern_becter, nicolae_overflow_hidden_temple,
          chequers_ecumenical_altar_simple, item_on_display_a
D:3:      nrook_mini_backslash
D:4:      serial_aquarium, aquarium_bridge_square, aquarium_window_1,
          aquarium_window_fake, aquarium_view_2f, aquarium_view_2c,
          ashenzari_altar_1
D:5:      lemuel_ratsnest, tso_metal_star, lemuel_round_altar,
          minmay_temple_entry_overgrown, first_bread, hangedman_decor_push,
          st_stairs_2, uniq_pikel, uniq_menkaure, uniq_sigmund
Temple:   minmay_temple_forest_path

Skill      XL: |  1  2  3  4  5  6  7 |
---------------+----------------------+-----
Spellcasting   | 5 6 7 |  7.3
Fighting       | 1 2 3 |  3.0
Stealth        | 3 4 5 6 |  6.0
Dodging        | 3 4 5 |  5.2
Conjurations   | 2 |  2.9
Summonings     | 2 3 |  3.3
Translocations | |  1.1

Action                   |  1- 3 |  4- 6 |  7- 9 || total
-------------------------+-------+-------+-------++-------
Melee: Dagger            |     6 |       |    12 ||    18
       Rapier            |       |    22 |    18 ||    40
       Short sword       |       |       |    10 ||    10
 Cast: Magic Dart        |    91 |   108 |    53 ||   252
       Call Imp          |     5 |    25 |    11 ||    41
       Mephitic Cloud    |       |     5 |     9 ||    14
       Slow              |       |       |     3 ||     3
  Use: Scroll            |       |     5 |     2 ||     7
       Potion            |       |     3 |       ||     3
 Stab: Sleeping          |       |     1 |       ||     1
       Confused          |       |       |     4 ||     4
       Distracted        |       |       |     1 ||     1
  Eat: Chunk             |     3 |     7 |     1 ||    11
       Meat ration       |       |     1 |       ||     1
       Bread ration      |       |       |     1 ||     1
Armor: Robe              |     5 |     9 |     7 ||    21
Dodge: Dodged            |    22 |    63 |    25 ||   110
